cohdb
Replays
Latest Replays
All Replays
Popular Replays
Top Player Replays
Match Explorer
How It Works
Community
CoH3 Stats
Reddit
Sign in to upload your games and track your stats! →
Sign in with Steam
Match 43449355
Unlisted
Match 43449355
Overview
Messages
Build Orders
End
Construct Section Command Post
Selects Heavy Armor Battlegroup
Infantry Section
Dingo Light Scout Car
Infantry Section
Selects Light Vehicle Withdraw and Refit
Construct Platoon Command Post
Light Vehicle Withdraw and Refit
Selects Rigorous Vehicle Training
Infantry Section
CMP 15cwt Truck
Grenade Package
Unlock M3 Stuart Light Tanks
M3 Stuart Light Tank
M3 Stuart Light Tank
Selects Radio Net
Construct Company Command Post
6-pounder Anti-tank Gun Team
Selects Recon Artillery
Matilda II Heavy Tank
Foot Guards Section
Recon Artillery
ML 3-inch Mortar Team
Matilda II Heavy Tank
Selects Forward Repair Assembly
Unlock Towed 17-pounder Anti-tank Guns
17-pounder Anti-tank Gun Team
Royal Engineer Section
Vickers Machine Gun Team
G0ldrabe
ClockworkVex
周末不日常
Yngvi Kong
Duffman™
[82AD] PaulVmax
women respecter
CHADTOWNE
0
0
Comments
sign in to comment!
No comments posted yet!